 Dungeon Crawl Stone Soup version 0.28-a0-465-ge2dae52223 (webtiles) character file.

Game seed: 7016405590204027759

1 omnomnOMINOUS the Grave Robber (level 1, -1/13 HPs)
             Began as an Octopode Wanderer on Sept 15, 2021.
             Slain by Sigmund (5 damage)
             ... on level 2 of the Dungeon.
             The game lasted 00:00:36 (107 turns).

omnomnOMINOUS the Grave Robber (Octopode Wanderer)   Turns: 107, Time: 00:00:39

Health: -1/13      AC:  1    Str: 10    XL:     1   Next: 20%
Magic:  2/2        EV: 12    Int: 12    God:
Gold:   0          SH:  0    Dex: 14    Spells: 2/2 levels left

rFire   . . .      SeeInvis .   a - +0 dagger
rCold   . . .      Faith    .   (no shield)
rNeg    . . .      Spirit   .   (helmet restricted)
rPois   .          Reflect  .   (no amulet)
rElec   .          Harm     .   (no ring)
rCorr   .          Rampage  .   (no ring)
Will    .....                   (no ring)
Stlth   +++.......              (no ring)
HPRegen 0.04/turn               (no ring)
MPRegen 0.08/turn               (no ring)
                                (no ring)
                                (no ring)

@: no status effects
A: almost no armour, amphibious, 8 rings, camouflage 1, gelatinous body 1,
(nimble swimmer 1), tentacles
a: no special abilities


You were on level 2 of the Dungeon.
You visited 1 branch of the dungeon, and saw 2 of its levels.

Inventory:

Hand Weapons
 a - a +0 dagger (weapon)
Missiles
 b - 11 poisoned darts (quivered)
Scrolls
 c - a scroll of fear {unknown}


   Skills:
 - Level 1.0 Fighting
 - Level 2.0 Crossbows
 - Level 1.0 Throwing
 + Level 0.4 Dodging
 - Level 1.3 Stealth
 - Level 1.0 Spellcasting
 - Level 3.0 Necromancy
 - Level 1.0 Ice Magic


You had 2 spell levels left.
You didn't know any spells.
Your spell library contained the following spells:

 Spells                   Type           Power      Damage    Failure   Level
 Magic Dart               Conj           0%         1d3       30%         1
 Sting                    Tmut/Pois      0%         1d3       30%         1
 Blink                    Tloc           N/A        N/A       41%         2
 Call Imp                 Summ           0%         N/A       41%         2
 Slow                     Hex            0%         N/A       41%         2
 Conjure Flame            Conj/Fire      0%         6-21      65%         3
 Ignite Poison            Fire/Tmut/Pois 0%         N/A       65%         3
 Mephitic Cloud           Conj/Pois/Air  0%         N/A       65%         3


Dungeon Overview and Level Annotations

Branches:
Dungeon (1/15)

Altars:

Annotations:
D:2 Sigmund


Innate Abilities, Weirdness & Mutations

You cannot wear most types of armour.
You are amphibious.
You can wear up to eight rings at the same time.
Your skin changes colour to match your surroundings (Stealth+).
Your rubbery body absorbs attacks. (AC +1, EV +1)
((You are camouflaged near water. (Stealth+)))
You have tentacles for arms and can constrict up to eight enemies at once.


Message History

Found a deep dwarf skeleton.
Found a deep dwarf skeleton.
Found a deep dwarf skeleton.
Found a deep dwarf skeleton.
There is an abandoned shop here.
Found a deep dwarf skeleton.
You see here a deep dwarf skeleton.
A giant cockroach comes into view.
Found a ring mail and 25 stones.
The helpless giant cockroach fails to defend itself.
You puncture the giant cockroach!
You kill the giant cockroach!
No target in view!
No target in view!
No target in view!
No target in view!
No target in view!
No target in view!
No target in view!
No target in view!
No target in view!
No target in view!
No target in view!
No target in view!
No target in view!
No target in view!
No target in view!
You see here a giant cockroach corpse.
You fall into a shaft and drop 1 floor!
The shaft crumbles and collapses.
No target in view!
c - a scroll labelled KUBIECOEQUSA Sigmund the Dreaded comes into view.
He is wielding a +0 scythe of flaming and wearing a +2 robe of willpower.
The helpless Sigmund fails to defend himself.
You puncture Sigmund! Your grab misses Sigmund. Your squeeze misses Sigmund.
Sigmund is moderately wounded.
Sigmund hits you with a +0 scythe of flaming!
Ouch! That really hurt!
Sigmund burns you.
You die...

#.# #.# ##.##
#...######.#
#.#.........
#.##...######..#
#....#######..##
#.###.##..@......
#. #....@.#
####.#.# #.#.#
#.... #.#.#.
....... ..#.#.##
......#


You could see Sigmund.

Vanquished Creatures
  A giant cockroach (D:1)
1 creature vanquished.

Notes
Turn   | Place    | Note
-------+----------+-------------------------------------------
     0 | D:1      | omnomnOMINOUS the Octopode Wanderer began the quest for the
                  | Orb.
     0 | D:1      | omnomnOMINOUS set off with the following items: a +0
                  | dagger, 11 poisoned darts; and the following spells
                  | available to memorise: Magic Dart, Sting, Blink, Call Imp,
                  | Slow, Conjure Flame, Ignite Poison, Mephitic Cloud
     0 | D:1      | Reached XP level 1. HP: 13/13 MP: 2/2
    68 | D:1      | You fall into a shaft and drop 1 floor!
   102 | D:2      | Noticed Sigmund
   107 | D:2      | Slain by Sigmund

Illustrated notes

Levels and vault maps discovered:
D:1:      amcnicky_arrival_abandoned_market, layout_loops_ring,
          chequers_ecumenical_altar_simple_redux, st_stairs_2
D:2:      layout_loops_ring, uniq_sigmund

Action                   || total
-------------------------++-------
Melee: Dagger            ||     2
 Stab: Sleeping          ||     2

Table legend: (Time is in decaauts)
 A = Elapsed time spent in this place.
 B = Non-inter-level travel time spent in this place.
 C = Inter-level travel time spent in this place.
 D = Time resting spent in this place.
 E = Time spent auto-exploring this place.
 F = Levels seen in this place.
 G = Mean time per level.
                   A        B        C        D        E       F      G
               +--------+--------+--------+--------+--------+-----+--------+
         Total |    106 |    106 |      0 |      0 |     88 |   2 |   53.0 |
       Dungeon |    106 |    106 |      0 |      0 |     88 |   2 |   53.0 |
               +--------+--------+--------+--------+--------+-----+--------+

Top non-repeatable levels by time:
     D:1: 68 daAuts
     D:2: 38 daAuts
